 Dungeon Sprint DCSS version 0.17-a0-1403-g9df874c (webtiles) character file.

36741 Kidiri the Unseen (level 12, -2/45 HPs)
             Began as a Spriggan Enchanter on June 20, 2015.
             Was the Champion of Dithmenos.
             Succumbed to poison (dark miasma)
             ... in the Dungeon (Sprint III: "The Ten Rune Challenge").
             The game lasted 00:22:41 (4501 turns).

Kidiri the Unseen (Spriggan Enchanter)              Turns: 4501, Time: 00:22:41

Health: -2/45      AC:  4    Str:  4    XL:     12   Next: 74%
Magic:  31/33      EV: 31    Int: 19    God:    Dithmenos [******]
Gold:   46         SH:  0    Dex: 19    Spells: 10 memorised, 6 levels left

rFire  . . .     SeeInvis +     b - +2 dagger
rCold  . . .     Clarity  .     a - +1 robe
rNeg   . . .     SustAt   .     (shield restricted)
rPois  .         Gourm    .     (helmet restricted)
rElec  .         Spirit   .     m - +0 cloak
rCorr  .         Warding  .     (gloves unavailable)
rMut   .         NoTele   +     (boots unavailable)
MR     +++..                    (no amulet)
Stlth  ++++++++++               (no ring)
                                (no ring)

@: lethally poisoned (-2 -> -23), slowed, wreathed by umbra, quick, extremely
resistant to hostile enchantments, uncannily stealthy
A: unfitting armour, antennae 1, see invisible, herbivore 3, speed 3, frail 1,
magic resistance 1, slow metabolism 2, spit poison 1
a: Spit Poison, Shadow Step, Shadow Form, Renounce Religion
}: 1/10 runes: serpentine


You were in the Dungeon.
You worshipped Dithmenos.
Dithmenos was exalted by your worship.
You were not hungry.

You visited 1 branch You collected 46 gold pieces.

Inventory:

Hand weapons
 b - a +2 dagger (weapon)
Armour
 a - a +1 robe (worn)
 m - a +0 cloak (worn)
Scrolls
 j - a scroll of blinking
 o - a scroll of holy word
 u - a scroll of recharging {unknown}
 v - a scroll of random uselessness {unknown}
Potions
 e - a potion of curing
 f - 2 potions of heal wounds
 g - a potion of haste
 h - 2 potions of magic
 k - a potion of lignification {unknown}
 s - a potion of brilliance {unknown}
 t - a potion of flight {unknown}
Books
 c - a book of Maledictions

   Spells                             Type                      Level
   a - Corona                         Hexes                        1
   b - Ensorcelled Hibernation        Hexes/Ice                    2
   c - Confuse                        Hexes                        3
   d - Tukima's Dance                 Hexes                        3
   e - Dazzling Spray                 Conjuration/Hexes            3
 n - a book of Annihilations {highlevel, unknown}

   This book is beyond your current level of understanding.

   Spells                             Type                      Level
   a - Poison Arrow                   Conjuration/Poison           6
   b - Chain Lightning                Conjuration/Air              8
   c - Lehudib's Crystal Spear        Conjuration/Earth            8
   d - Glaciate                       Conjuration/Ice              9
   e - Fire Storm                     Conjuration/Fire             9
 w - a Fen Folio

   Spells                             Type                      Level
   a - Corpse Rot                     Necromancy                   2
   b - Stone Arrow                    Conjuration/Earth            3
   c - Leda's Liquefaction            Hexes/Earth                  4
   d - Summon Forest                  Summoning/Translocation      5
   e - Hydra Form                     Transmutation                6
   f - Summon Hydra                   Summoning                    7
Comestibles
 d - 2 bread rations
 i - 26 royal jellies


   Skills:
 + Level 10.9 Short Blades
 + Level 13.7 Dodging
 * Level 20.5 Stealth
 * Level 16.1 Spellcasting
 + Level 7.4 Conjurations
 + Level 12.3 Hexes
 + Level 6.8 Summonings
 + Level 11.6 Translocations
 + Level 6.0 Transmutations
 + Level 8.3 Ice Magic
 + Level 7.5 Earth Magic
 + Level 8.9 Invocations


You had 6 spell levels left.
You knew the following spells:

 Your Spells              Type           Power        Failure   Level  Hunger
a - Corona                Hex            ######.      1%          1    None
b - Ensorcelled Hibernat  Hex/Ice        ######       1%          2    None
c - Confuse               Hex            ######..     1%          3    None
d - Tukima's Dance        Hex            ######..     1%          3    None
e - Dazzling Spray        Conj/Hex       ######..     1%          3    None
f - Stone Arrow           Conj/Erth      #####.       1%          3    None
g - Leda's Liquefaction   Hex/Erth       ######....   1%          4    None
h - Summon Forest         Summ/Tloc      ######....   2%          5    ###....
i - Hydra Form            Trmt           #####.....   54%         6    #####..
j - Summon Hydra          Summ           #####.....   99%         7    ######.


Dungeon Overview and Level Annotations

Branches:
Dungeon (1/1)

Altars:
Cheibriados
Dithmenos
Elyvilon
Fedhas
Gozag
Kikubaaqudgha
Makhleb
Nemelex Xobeh
Okawaru
Qazlal
Ru
Sif Muna
Trog
Vehumet
Xom
Yredelemnul
Zin
The Shining One
Jiyva
Lugonu

Shops:
D }[%


Innate Abilities, Weirdness & Mutations

You are tiny and cannot use many weapons and most armour.
You have supernaturally acute eyesight.
You are a herbivore.
You cover ground extremely quickly.
You need consume almost no food.
You have a pair of small antennae on your head.
You are frail (-10% HP).
You are resistant to hostile enchantments.
You can spit weak poison.


Message History

You emit a cloud of dark smoke.
* * * LOW HITPOINT WARNING * * *
You feel very sick.
Drink which item? (? for menu, Esc to quit)
You feel better.
You are engulfed in dark miasma.
You are poisoned.
You feel as though you will be slow longer.
* * * LOW HITPOINT WARNING * * *
x2 You feel sick.
Drink which item? (? for menu, Esc to quit)
Okay, then.
You are engulfed in dark miasma.
You are lethally poisoned!
* * * LOW HITPOINT WARNING * * *
x2 You feel very sick.
Drink which item? (? for menu, Esc to quit)
You feel better.
You are engulfed in dark miasma.
You are lethally poisoned!
* * * LOW HITPOINT WARNING * * *
You die...

.##
{#...#.≈≈≈§#
#.#
{#).)#.#≈≈≈#
%##+
#####.#{≈≈≈#
...# #)PPP.#
≈≈≈§ #.)#
#§)P.P# §≈§
####
{#..)PP#
##≈≈ {
{#§..)P# §§#
≈
#'#####§§§#
#§@§§§+§§§+
#§#########
#§# #§# #§#
#.# #.# #.


There were no monsters in sight!

Vanquished Creatures
  Rupert (D)
  Harold (D)
  A greater naga (D)
  Maud (D)
  A naga warrior (D)
  2 anacondas (D)
  Erica (D)
  A centaur warrior (D)
  4 death yaks (D)
  2 unseen horrors (D)
  A lindwurm (D)
  Joseph (D)
  A guardian serpent (D)
  5 black mambas (D)
  2 spiny frogs (D)
  A komodo dragon (D)
  A deep elf priest (D)
  A fire drake (D)
  A queen bee (D)
  An orc high priest (D)
  8 blink frogs (D)
  3 wandering mushrooms (D)
  A shadow (D)
  3 redbacks (D)
  A spatial vortex (D)
  2 nagas (D)
  6 water moccasins (D)
  A necrophage (D)
  A swamp drake (D)
  2 centaurs (D)
  An earth elemental (D)
  2 brain worms (D)
  A water elemental (D)
  31 killer bees (D)
  3 orc priests (D)
  A jelly (D)
  Crazy Yiuf (D)
  A wizard (D)
  Jessica (D)
  A necromancer (D)
  3 humans (D)
  A kobold demonologist (D)
  3 adders (D)
  An ooze (D)
  2 rats (D)
  A plant (D)
112 creatures vanquished.

Vanquished Creatures (collateral kills)
  A killer bee (D)
1 creature vanquished.

Vanquished Creatures (others)
  2 draconian scorchers (D)
  3 yaktaurs (D)
  4 plants (D)
9 creatures vanquished.

Grand Total: 122 creatures vanquished

Notes
Turn   | Place    | Note
--------------------------------------------------------------
     0 | D        | Kidiri the Spriggan Enchanter began the quest for the Orb.
     0 | D        | Reached XP level 1. HP: 9/9 MP: 5/5
    17 | D        | Reached skill level 5 in Stealth
    62 | D        | Killed a yaktaur
   169 | D        | Noticed Jessica
   188 | D        | Killed Jessica
   188 | D        | Reached skill level 6 in Stealth
   188 | D        | Reached XP level 2. HP: 5/13 MP: 5/8
   188 | D        | Reached XP level 3. HP: 6/16 MP: 6/10
   192 | D        | Learned a level 2 spell: Ensorcelled Hibernation
   196 | D        | Learned a level 3 spell: Confuse
   200 | D        | Learned a level 3 spell: Tukima's Dance
   201 | D        | Killed a white draconian scorcher
   265 | D        | Killed a white draconian scorcher
   395 | D        | Noticed Crazy Yiuf
   406 | D        | Reached skill level 7 in Stealth
   406 | D        | Reached skill level 5 in Spellcasting
   422 | D        | Killed Crazy Yiuf
   422 | D        | Reached skill level 5 in Dodging
   422 | D        | Reached skill level 8 in Stealth
   422 | D        | Reached skill level 5 in Hexes
   422 | D        | Reached skill level 1 in Ice Magic
   422 | D        | Reached XP level 4. HP: 7/21 MP: 1/12
   429 | D        | Learned a level 3 spell: Dazzling Spray
   605 | D        | Gained mutation: You can spit weak poison. [potion of mutation]
   606 | D        | Gained mutation: You are resistant to hostile enchantments. [potion of mutation]
   606 | D        | Gained mutation: You are frail (-10% HP). [potion of mutation]
   606 | D        | Gained mutation: You have a pair of small antennae on your head. [potion of mutation]
   712 | D        | Noticed a water elemental
   952 | D        | Killed a water elemental
   952 | D        | Reached skill level 9 in Stealth
   952 | D        | Reached skill level 1 in Conjurations
  1236 | D        | Noticed a jelly
  1237 | D        | Noticed a shadow
  1454 | D        | Killed a yaktaur
  1462 | D        | Killed a jelly
  1462 | D        | Reached XP level 5. HP: 21/21 MP: 7/15
  1465 | D        | Found a stormy altar of Qazlal.
  1471 | D        | Found a sacrificial altar of Ru.
  1471 | D        | Found a burning altar of Makhleb.
  1471 | D        | Found a viscous altar of Jiyva.
  1471 | D        | Found a shimmering altar of Xom.
  1471 | D        | Found a shadowy altar of Dithmenos.
  1471 | D        | Found a sparkling altar of Nemelex Xobeh.
  1471 | D        | Found a corrupted altar of Lugonu.
  1471 | D        | Found an opulent altar of Gozag.
  1475 | D        | Became a worshipper of Dithmenos the Shadowed
  1484 | D        | Killed a shadow
  1484 | D        | Reached skill level 11 in Stealth
  1484 | D        | Reached XP level 6. HP: 25/25 MP: 3/18
  1485 | D        | Noticed a spatial vortex
  1489 | D        | Killed a spatial vortex
  1489 | D        | Reached skill level 5 in Short Blades
  1586 | D        | Found a radiant altar of Vehumet.
  1587 | D        | Found a deep blue altar of Sif Muna.
  1587 | D        | Found an ancient bone altar of Kikubaaqudgha.
  1587 | D        | Noticed a wizard
  1596 | D        | Killed a wizard
  1716 | D        | Found a glowing silver altar of Zin.
  1717 | D        | Found a glowing golden altar of the Shining One.
  1717 | D        | Found a white marble altar of Elyvilon.
  1717 | D        | Noticed a deep elf priest
  1719 | D        | Killed a deep elf priest
  1719 | D        | Reached skill level 12 in Stealth
  1719 | D        | Reached XP level 7. HP: 28/28 MP: 21/21
  1730 | D        | Found an iron altar of Okawaru.
  1731 | D        | Found a bloodstained altar of Trog.
  1731 | D        | Noticed a human
  1731 | D        | Noticed a human
  1744 | D        | Killed a human
  1744 | D        | Acquired Dithmenos's first power
  1744 | D        | Reached skill level 13 in Stealth
  1744 | D        | Reached skill level 10 in Spellcasting
  1758 | D        | Killed a human
  1809 | D        | Found a basalt altar of Yredelemnul.
  1809 | D        | Found a snail-covered altar of Cheibriados.
  1809 | D        | Found a blossoming altar of Fedhas.
  1809 | D        | Noticed a necrophage
  1809 | D        | Noticed a necromancer
  1811 | D        | Killed a necrophage
  1811 | D        | Reached XP level 8. HP: 32/32 MP: 23/23
  1812 | D        | Killed a necromancer
  1830 | D        | Learned a level 3 spell: Stone Arrow
  1835 | D        | Learned a level 4 spell: Leda's Liquefaction
  1841 | D        | Learned a level 5 spell: Summon Forest
  1851 | D        | Noticed Erica
  1866 | D        | Killed Erica
  1866 | D        | Acquired Dithmenos's second power
  1866 | D        | Reached skill level 14 in Stealth
  1866 | D        | Reached skill level 1 in Summonings
  1866 | D        | Reached skill level 1 in Earth Magic
  2003 | D        | Noticed an earth elemental
  2006 | D        | Killed an earth elemental
  2011 | D        | Noticed a centaur
  2011 | D        | Noticed a centaur warrior
  2011 | D        | Noticed a centaur
  2013 | D        | Killed a centaur
  2015 | D        | Killed a centaur warrior
  2015 | D        | Reached skill level 10 in Dodging
  2015 | D        | Reached skill level 15 in Stealth
  2015 | D        | Reached skill level 5 in Ice Magic
  2015 | D        | Reached XP level 9. HP: 35/35 MP: 25/25
  2016 | D        | Killed a centaur
  2128 | D        | Noticed an unseen horror
  2128 | D        | Noticed an unseen horror
  2131 | D        | Killed an unseen horror
  2131 | D        | Reached skill level 5 in Translocations
  2133 | D        | Killed an unseen horror
  2133 | D        | Acquired Dithmenos's third power
  2133 | D        | Reached skill level 5 in Invocations
  2141 | D        | Learned a level 6 spell: Hydra Form
  2146 | D        | Noticed a killer bee
  2146 | D        | Noticed a killer bee
  2146 | D        | Noticed a killer bee
  2146 | D        | Noticed a killer bee
  2146 | D        | Noticed a killer bee
  2146 | D        | Noticed a killer bee
  2146 | D        | Noticed a killer bee
  2146 | D        | Noticed a killer bee
  2146 | D        | Noticed a queen bee
  2146 | D        | Noticed a killer bee
  2146 | D        | Noticed a killer bee
  2146 | D        | Noticed a killer bee
  2146 | D        | Noticed a killer bee
  2146 | D        | Noticed a killer bee
  2146 | D        | Noticed a killer bee
  2148 | D        | Killed a killer bee
  2149 | D        | Noticed a killer bee
  2149 | D        | Noticed a killer bee
  2149 | D        | Noticed a killer bee
  2149 | D        | Noticed a killer bee
  2149 | D        | Noticed a killer bee
  2149 | D        | Noticed a killer bee
  2149 | D        | Noticed a killer bee
  2149 | D        | Noticed a killer bee
  2149 | D        | Noticed a killer bee
  2149 | D        | Noticed a killer bee
  2149 | D        | Noticed a killer bee
  2149 | D        | Noticed a killer bee
  2149 | D        | Noticed a killer bee
  2149 | D        | Noticed a killer bee
  2149 | D        | Noticed a killer bee
  2149 | D        | Noticed a killer bee
  2149 | D        | Noticed a killer bee
  2149 | D        | Noticed a killer bee
  2151 | D        | Killed a queen bee
  2252 | D        | Killed a killer bee
  2252 | D        | Reached XP level 10. HP: 39/39 MP: 27/27
  2256 | D        | Killed a killer bee
  2258 | D        | Killed a killer bee
  2258 | D        | Reached skill level 16 in Stealth
  2258 | D        | Reached skill level 5 in Conjurations
  2260 | D        | Killed a killer bee
  2260 | D        | Acquired Dithmenos's fourth power
  2262 | D        | Killed a killer bee
  2264 | D        | Killed a killer bee
  2266 | D        | Killed a killer bee
  2268 | D        | Killed a killer bee
  2270 | D        | Killed a killer bee
  2274 | D        | Killed a killer bee
  2276 | D        | Killed a killer bee
  2280 | D        | Killed a killer bee
  2433 | D        | Killed a killer bee
  2435 | D        | Killed a killer bee
  2437 | D        | Killed a killer bee
  2441 | D        | Killed a killer bee
  2443 | D        | Killed a killer bee
  2447 | D        | Killed a killer bee
  2449 | D        | Killed a killer bee
  2451 | D        | Killed a killer bee
  2455 | D        | Killed a killer bee
  2457 | D        | Killed a killer bee
  2459 | D        | Killed a killer bee
  2461 | D        | Killed a killer bee
  2465 | D        | Killed a killer bee
  2616 | D        | Killed a killer bee
  2625 | D        | Killed a killer bee
  2625 | D        | Reached skill level 10 in Hexes
  2629 | D        | Killed a killer bee
  2633 | D        | Killed a killer bee
  2645 | D        | Killed a killer bee
  2651 | D        | Killed a killer bee
  2727 | D        | Noticed Harold
  2727 | D        | Noticed Joseph
  2731 | D        | Noticed a wandering mushroom
  2732 | D        | Noticed a wandering mushroom
  2732 | D        | Noticed a wandering mushroom
  2732 | D        | Killed a yaktaur
  2736 | D        | Killed a wandering mushroom
  2738 | D        | Killed a wandering mushroom
  2743 | D        | Killed a wandering mushroom
  2869 | D        | Noticed a spiny frog
  2869 | D        | Noticed a komodo dragon
  2869 | D        | Noticed a spiny frog
  2872 | D        | Killed a komodo dragon
  2872 | D        | Reached skill level 17 in Stealth
  2873 | D        | Killed a spiny frog
  2879 | D        | Killed a spiny frog
  2898 | D        | Noticed a redback
  2902 | D        | Killed a redback
  2903 | D        | Noticed a brain worm
  2906 | D        | Killed a brain worm
  2909 | D        | Noticed a brain worm
  2911 | D        | Killed a brain worm
  3000 | D        | Noticed a lindwurm
  3002 | D        | Noticed a redback
  3003 | D        | Killed a lindwurm
  3005 | D        | Killed a redback
  3005 | D        | Reached skill level 5 in Earth Magic
  3009 | D        | Noticed a redback
  3010 | D        | Killed a redback
  3010 | D        | Reached XP level 11. HP: 42/42 MP: 29/29
  3011 | D        | Noticed Maud
  3013 | D        | Killed Maud
  3149 | D        | Noticed a swamp drake
  3149 | D        | Noticed a fire drake
  3150 | D        | Killed a fire drake
  3150 | D        | Reached skill level 18 in Stealth
  3152 | D        | Killed a swamp drake
  3157 | D        | Noticed a blink frog
  3157 | D        | Noticed a blink frog
  3157 | D        | Noticed a blink frog
  3158 | D        | Noticed a blink frog
  3158 | D        | Noticed a blink frog
  3159 | D        | Killed a blink frog
  3160 | D        | Killed a blink frog
  3163 | D        | Killed a blink frog
  3163 | D        | Reached skill level 5 in Summonings
  3167 | D        | Killed a blink frog
  3169 | D        | Killed a blink frog
  3218 | D        | Noticed Rupert
  3220 | D        | Killed Rupert
  3229 | D        | Learned a level 7 spell: Summon Hydra
  3237 | D        | Noticed a death yak
  3238 | D        | Noticed a blink frog
  3239 | D        | Noticed a blink frog
  3240 | D        | Noticed a death yak
  3240 | D        | Noticed a death yak
  3244 | D        | Noticed a blink frog
  3248 | D        | Noticed a death yak
  3248 | D        | Killed a death yak
  3248 | D        | Reached skill level 1 in Transmutations
  3250 | D        | Killed a blink frog
  3324 | D        | Killed a death yak
  3324 | D        | Reached skill level 10 in Short Blades
  3324 | D        | Reached skill level 19 in Stealth
  3330 | D        | Killed a blink frog
  3581 | D        | Noticed a black mamba
  3583 | D        | Killed a blink frog
  3588 | D        | Noticed an azure jelly
  3588 | D        | Noticed an azure jelly
  3589 | D        | Noticed a black mamba
  3596 | D        | Killed a death yak
  3596 | D        | Reached skill level 15 in Spellcasting
  3596 | D        | Reached skill level 10 in Translocations
  3597 | D        | Killed a black mamba
  3841 | D        | Killed a death yak
  3841 | D        | Reached XP level 12. HP: 45/45 MP: 17/32
  3844 | D        | Killed a black mamba
  3943 | D        | Noticed an anaconda
  3943 | D        | Noticed a water moccasin
  3946 | D        | Noticed a black mamba
  3947 | D        | Killed an anaconda
  3949 | D        | Killed a water moccasin
  3953 | D        | Killed a black mamba
  3987 | D        | Noticed an anaconda
  3987 | D        | Noticed a water moccasin
  3987 | D        | Noticed a black mamba
  3987 | D        | Noticed a water moccasin
  3989 | D        | Killed a water moccasin
  3990 | D        | Noticed a water moccasin
  3993 | D        | Killed an anaconda
  3994 | D        | Killed a black mamba
  3995 | D        | Killed a water moccasin
  3997 | D        | Killed a water moccasin
  4020 | D        | Noticed a water moccasin
  4020 | D        | Noticed a water moccasin
  4020 | D        | Noticed a black mamba
  4022 | D        | Killed a water moccasin
  4023 | D        | Killed a water moccasin
  4025 | D        | Killed a black mamba
  4045 | D        | Noticed a naga
  4045 | D        | Noticed a naga
  4046 | D        | Noticed a naga warrior
  4046 | D        | Noticed a greater naga
  4046 | D        | Found Hadif's Gadget Boutique.
  4046 | D        | Found Paulag's Antique Armour Emporium.
  4047 | D        | Killed a naga
  4048 | D        | Killed a naga
  4049 | D        | Found Beluser's Food Shop.
  4189 | D        | Killed a greater naga
  4189 | D        | Reached skill level 20 in Stealth
  4189 | D        | Reached skill level 5 in Transmutations
  4212 | D        | Killed a naga warrior
  4334 | D        | Noticed a guardian serpent
  4336 | D        | Killed a guardian serpent
  4339 | D        | Got a serpentine rune of Zot
  4457 | D        | Killed Harold
  4458 | D        | Killed Joseph
  4467 | D        | Noticed an orc priest
  4467 | D        | Noticed an orc priest
  4468 | D        | Noticed an orc high priest
  4468 | D        | Noticed an orc priest
  4469 | D        | Killed an orc priest
  4470 | D        | Killed an orc priest
  4472 | D        | Killed an orc priest
  4474 | D        | Killed an orc high priest
  4500 | D        | HP: 2/45 [poison (dark miasma)]
  4501 | D        | Succumbed to poison (dark miasma)

Vault maps used:
D:        dungeon_sprint_mu

Action                   |  1- 3 |  4- 6 |  7- 9 | 10-12 || total
-------------------------+-------+-------+-------+-------++-------
Melee: Dagger            |    29 |    19 |    34 |   114 ||   196
 Cast: Corona            |     2 |       |       |       ||     2
       Ensorcelled Hiber |     4 |     5 |     7 |    50 ||    66
       Confuse           |       |     3 |     2 |    11 ||    16
       Dazzling Spray    |       |       |       |    27 ||    27
       Stone Arrow       |       |       |       |     4 ||     4
Invok: Shadow Step       |       |       |       |    12 ||    12
  Use: Potion            |       |     3 |     1 |     2 ||     6
       Scroll            |       |     3 |       |       ||     3
 Stab: Sleeping          |     3 |     4 |    12 |    73 ||    92
       Confused          |       |     2 |     4 |     3 ||     9
       Invisible         |       |       |       |     5 ||     5
  Eat: Royal jelly       |       |       |       |     1 ||     1
       Fruit             |       |       |       |     2 ||     2
